 Dungeon Crawl Stone Soup version 0.17-a0-1210-g1e4f09d (webtiles) character file.

446 parkourmaster2 the Ducker (level 7, -4/53 HPs)
             Began as a Human Gladiator on June 4, 2015.
             Slain by Grinder (5 damage)
             ... on level 4 of the Dungeon.
             The game lasted 00:12:30 (3650 turns).

parkourmaster2 the Ducker (Human Gladiator)         Turns: 3650, Time: 00:12:31

Health: -4/53      AC: 14    Str: 17    XL:     7   Next: 24%
Magic:  7/7        EV:  7    Int:  8    God:
Gold:   181        SH:  0    Dex: 14    Spells: 0 memorised, 6 levels left

rFire  + . .     SeeInvis .     a - +0 long sword
rCold  . . .     Clarity  .     r - +0 plate armour
rNeg   . . .     SustAt   .     (no shield)
rPois  .         Gourm    .     c - +0 helmet
rElec  .         Spirit   .     f - +1 cloak
rCorr  .         Warding  .     (no gloves)
rMut   .         Stasis   .     (no boots)
MR     .....                    (no amulet)
Stlth  ..........               (no ring)
                                l - ring of protection from fire

@: not resistant to hostile enchantments, extremely unstealthy
A: no striking features
a: no special abilities


You were on level 4 of the Dungeon.
You were not hungry.

You visited 1 branch of the dungeon, and saw 4 of its levels.

You collected 181 gold pieces.

Inventory:

Hand weapons
 a - a +0 long sword (weapon)
Missiles
 h - 29 arrows of flame
 i - 69 stones (quivered)
 k - 10 poisoned needles
 m - 7 needles of frenzy
 p - 8 needles of slowing
 q - 46 sling bullets
 y - 18 bolts
Armour
 c - a +0 helmet (worn)
 f - a +1 cloak (worn)
 r - a +0 plate armour (worn)
Jewellery
 l - a ring of protection from fire (left hand)
Magical devices
 v - a wand of random effects (28)
Scrolls
 j - 2 scrolls of remove curse
 u - 3 scrolls of identify
Comestibles
 b - a chunk of flesh
 e - 2 bread rations
 n - 2 royal jellies
 s - 2 beef jerkies
 w - 2 meat rations


   Skills:
 + Level 3.7 Fighting
 + Level 4.6 Long Blades
 + Level 2.1 Throwing
 + Level 2.1 Armour
 + Level 5.2 Dodging
 + Level 0.2 Stealth


You had 6 spell levels left.
You didn't know any spells.

Dungeon Overview and Level Annotations

Branches:
Dungeon (4/15)
 Temple: D:4-7

Altars:

Annotations:
D:4 Grinder


Message History

You struggle to resist.
Your plate armour prevents you from hitting Grinder.
Grinder is moderately wounded.
Grinder hits you but does no damage.
You slash Grinder!
Grinder is heavily wounded.
Grinder hits you but does no damage.
You hit Grinder.
Grinder is severely wounded.
Grinder hits you.
* * * LOW HITPOINT WARNING * * *
You writhe in agony.
* * * LOW HITPOINT WARNING * * *
Your plate armour prevents you from hitting Grinder.
Grinder is severely wounded.
Grinder says, "Tell me all your secrets, or I'll kill you."
Grinder hits you.
* * * LOW HITPOINT WARNING * * *
You writhe in agony.
You die...

..##### ..### ...... ...
....##. .... ... .......
#... .... .......# #..##
..... ##.....#
#..####..... # #....#
##.(......... #
#...#####............ #
.........(..@5...... #
#..........##........
###..###.....####.......
....# ###...# #......
##.## ##.## ..####. #.##
#.####..## #..# #..#...#
##.# #.<...# ###.##
##....##


You could see Grinder.

Vanquished Creatures
  The ghost of crawdingle the Cutter, an average MiBe of Trog (D:3)
  A water moccasin skeleton (D:3)
  An orc priest (D:3)
  An orc wizard (D:3)
  Jessica (D:3)
  Terence (D:3)
  A worker ant (D:4)
  2 adders (D:3)
  An ooze (D:2)
  2 worms (D:2)
  3 giant geckos
  7 orcs (D:3)
  6 giant cockroaches
  9 goblins
  12 hobgoblins
  7 jackals
  9 kobolds
  2 ball pythons (D:3)
  10 bats
  4 giant newts
  6 rats
87 creatures vanquished.

Notes
Turn   | Place    | Note
--------------------------------------------------------------
     0 | D:1      | parkourmaster2 the Human Gladiator began the quest for the Orb.
     0 | D:1      | Reached XP level 1. HP: 16/16 MP: 1/1
   225 | D:1      | Reached XP level 2. HP: 11/22 MP: 2/2
   679 | D:1      | Reached XP level 3. HP: 24/27 MP: 3/3
  1325 | D:2      | Reached skill level 1 in Armour
  1465 | D:2      | Reached XP level 4. HP: 34/34 MP: 4/4
  1970 | D:3      | Reached skill level 4 in Dodging
  1970 | D:3      | Reached XP level 5. HP: 17/40 MP: 5/5
  1972 | D:3      | Noticed Terence
  1987 | D:3      | Killed Terence
  2396 | D:3      | Reached XP level 6. HP: 42/47 MP: 6/6
  2473 | D:3      | Noticed Jessica
  2485 | D:3      | Killed Jessica
  3002 | D:3      | Noticed crawdingle's ghost (average MiBe)
  3038 | D:3      | Killed crawdingle's ghost
  3038 | D:3      | Reached skill level 5 in Dodging
  3038 | D:3      | Reached XP level 7. HP: 35/53 MP: 7/7
  3625 | D:4      | Noticed Grinder
  3650 | D:4      | HP: 1/53 [Grinder (4)]
  3650 | D:4      | Slain by Grinder

Vault maps used:
D:1:      dpeg_arrival_sounds_slurp
D:3:      uniq_jessica, uniq_terence
D:4:      minmay_misc_feat_square, dk_noncrumbling_3, uniq_menkaure,
          uniq_grinder

Action                   |  1- 3 |  4- 6 |  7- 9 || total
-------------------------+-------+-------+-------++-------
Melee: Long sword        |   131 |   228 |    41 ||   400
Throw: Throwing net      |       |       |     3 ||     3
  Use: Scroll            |     3 |     3 |       ||     6
       Potion            |       |     4 |     3 ||     7
  Eat: Chunk             |     2 |     6 |     2 ||    10
